Map: Moonlight Madness LE (Void)

Players

HannibalCart

  • Race: Zerg Zerg
  • League: Grandmaster

wabbajack - Winner!

  • Race: Zerg Zerg
  • League: Grandmaster

VOD

Have the link to the VOD?

Description

Time

  • Played on: July 15, 2015, 10:08 p.m.
  • Length: 7:08
Show
View Real Time Build Order
Export as new Build Order

HannibalCart Zerg 

Build Orders: Hatch First 

Get SALT Encoding   

  12  0:01  Drone  
  13  0:09  Drone  
  14  0:19  Overlord  
  14  0:37  Drone x3  
  17  0:48  Drone  
  18  1:01  Overlord  
  18  1:04  Hatchery  
  18  1:11  Drone  
  18  1:21  Drone  
  18  1:22  Spawning Pool  
  18  1:34  Drone  
  19  1:58  Drone x2, Extractor  
  19  1:59  Extractor  
  19  2:05  Drone  
  20  2:08  Queen  
  22  2:16  Queen  
  22  2:18  Drone x2  
  26  2:31  Overlord x2  
  26  2:41  Zergling x4  
  28  2:51  Zergling x4  
  30  3:02  Overlord x2  
  30  3:08  Drone  
  31  3:14  Hatchery  
  31  3:18  Drone, Roach Warren  
  30  3:23  Drone  
  30  3:26  Drone  
  32  3:29  Drone  
  31  3:48  Drone  
  31  3:49  Drone x4  
  36  3:58  Roach  
  36  3:59  Roach x2  
  42  4:05  Roach  
  42  4:07  Roach  
  46  4:15  Queen  
  46  4:17  Roach  
  50  4:22  Roach  
  54  4:32  Drone  
  54  4:33  Drone  
  54  4:34  Drone  
  54  4:36  Drone  
  58  4:43  Roach x2  
  60  4:47  Metabolic Boost  
  60  4:50  Roach  
  52  5:15  Roach  
  52  5:16  Roach x7  
  60  5:24  Zergling x2  
  60  5:25  Zergling x8  
  60  5:26  Zergling x2  
  61  5:54  Hatchery  
Show
View Real Time Build Order
Export as new Build Order

wabbajack Zerg - Winner!

Build Orders: Hatch First 

Get SALT Encoding   

  12  0:01  Drone  
  13  0:13  Overlord  
  13  0:25  Drone  
  13  0:27  Extractor  
  13  0:28  Drone  
  14  0:32  Drone  
  16  0:38  Drone  
  17  0:56  Hatchery  
  16  1:01  Drone x2  
  18  1:15  Spawning Pool  
  18  1:18  Drone  
  18  1:21  Extractor  
  17  1:26  Drone  
  18  1:43  Overlord  
  18  1:45  Drone  
  19  2:02  Queen  
  19  2:07  Drone x2  
  19  2:08  Queen  
  23  2:11  Drone  
  26  2:18  Roach Warren, Extractor  
  24  2:26  Drone  
  24  2:27  Drone x2  
  27  2:33  Drone  
  28  2:53  Overlord x2  
  28  2:55  Metabolic Boost  
  28  3:15  Roach x6  
  40  3:31  Spine Crawler  
  37  3:42  Roach x4  
  45  3:49  Roach x2  
  49  3:56  Overlord  
  49  4:24  Zergling x2  
  49  4:25  Zergling x16  
  58  4:34  Overlord  
  59  4:38  Ravager x2  
  59  4:41  Overlord  
  51  5:19  Zergling x2  
  51  5:20  Zergling x24  
  62  5:27  Ravager  
  53  6:01  Zergling x24  
  53  6:02  Zergling x4  
Tags
 
Add a new tag
Caveats
  • Supply blocks, unpowered buildings, or Contaminate may cause inaccurate times.
  • Supply counts are checked every 10 seconds.